 Dungeon Crawl Stone Soup version 0.22-a0-538-g76cc104 (webtiles) character file.

1989 Hebeh the Cleaver (level 9, -8/79 HPs)
             Began as a Minotaur Fighter on June 23, 2018.
             Was an Initiate of Trog.
             Mangled by a wight
             ... wielding a cursed +1 morningstar of freezing
              (9 damage)
             ... on level 7 of the Dungeon.
             The game lasted 00:17:32 (4652 turns).

Hebeh the Cleaver (Minotaur Fighter)                Turns: 4652, Time: 00:17:32

Health: -8/79      AC:  9    Str: 25    XL:     9   Next: 1%
Magic:  0/8        EV:  9    Int:  5    God:    Trog [......]
Gold:   442        SH: 10    Dex:  9    Spells: 8/8 levels left

rFire    . . .     SeeInvis .   a - +0 war axe
rCold    . . .     Gourm    .   c - +0 shield
rNeg     . . .     Faith    .   o - +2 ring mail {rPois}
rPois    +         Spirit   +   (helmet restricted)
rElec    .         Reflect  .   A - +0 cloak
rCorr    .         Harm     .   (no gloves)
MR       .....                  (no boots)
Stlth    ..........             g - amulet of guardian spirit
HPRegen  0.23/turn              (no ring)
MPRegen  0.11/turn              (no ring)

@: drained
A: retaliatory headbutt, horns 2
a: Renounce Religion


You were on level 7 of the Dungeon.
You worshipped Trog.
Trog was noncommittal.
You were not hungry.

You visited 2 branches of the dungeon, and saw 8 of its levels.

You collected 442 gold pieces.

Inventory:

Hand Weapons
 a - a +0 war axe (weapon)
 b - a +1 flail of draining
Armour
 c - a +0 shield (worn)
 o - a +2 ring mail of poison resistance (worn)
 A - a +0 cloak (worn)
Jewellery
 g - an amulet of guardian spirit (around neck)
Wands
 i - a wand of polymorph (19)
 l - a wand of acid (12)
 p - a wand of iceblast (7)
 w - a wand of flame (27)
 x - a wand of scattershot (4)
Scrolls
 k - 6 scrolls of identify
 s - a scroll of remove curse
 t - a scroll of teleportation
Potions
 d - 2 potions of might
 e - 3 potions of agility
 h - 3 potions of degeneration {unknown}
 j - a potion of berserk rage {unknown}
 n - 2 potions of flight {unknown}
 r - a potion of brilliance {unknown}
 u - a potion of curing {unknown}
 v - a potion of resistance {unknown}
Comestibles
 f - 14 rations
 m - 2 chunks of flesh


   Skills:
 + Level 7.3(6.5) Fighting
 * Level 9.2(8.4) Axes
 + Level 7.3(6.5) Armour
 + Level 7.2(6.5) Shields


You had 8 spell levels left.
You didn't know any spells.
Your spell library contained the following spells:

 Spells                   Type           Power        Failure   Level  Hunger
 Apportation              Tloc           #.....       93%         1    ##.....
 Summon Small Mammal      Summ           #...         93%         1    ##.....
 Animate Skeleton         Necr           N/A          93%         1    ##.....
 Confusing Touch          Hex            #.....       93%         1    ##.....


Dungeon Overview and Level Annotations

Branches:
Dungeon (7/15)             Temple (1/1) D:6

Altars:
Elyvilon
Fedhas
Gozag
Hepliaklqana
Makhleb
Nemelex Xobeh
Qazlal
Ru
Sif Muna
Trog
Uskayaw
Vehumet
Wu Jian
Xom
Yredelemnul
Zin
The Shining One

Shops:
D:5 (


Innate Abilities, Weirdness & Mutations

You reflexively headbutt those who attack you in melee.
You have a pair of horns on your head.


Message History

* * * LOW HITPOINT WARNING * * *
You feel drained. The wight freezes you.
* * * LOW HITPOINT WARNING * * *
You closely miss the wight.
The wight is lightly damaged.
The wight hits you but does no damage.
You slash the wight!
The wight is severely damaged.
The wight hits you with a morningstar of freezing.
* * * LOW HITPOINT WARNING * * *
You feel drained. The wight freezes you.
* * * LOW HITPOINT WARNING * * *
You closely miss the wight.
You headbutt the wight, but do no damage.
The wight is severely damaged.
You block the wight's attack.
You barely miss the wight.
The wight is severely damaged.
The wight hits you with a morningstar of freezing!
You die...

#...# #... ###.# #...
####.##### #...
#........# .+###
#.##.###.##....# # #.##.#
#.##.#... ... #.##.#
#.##.....
#.o#####.#..###.##.....
#.zzoz@......##.#......
.....###'###......+......
... #.# #...##.#...... .
#.# #......##.....
.._###..#######....
##.###..# ##... #.# #.##
####'# #'# #.# #..... ..#
#.##.#


You could see 3 wights and 2 orcs.

Vanquished Creatures
  Grinder (D:3)
  A hungry ghost (D:7)
  A sky beast (D:5)
  An orc warrior (D:7)
  A phantom (D:7)
  A centaur (D:6)
  3 bullfrogs
  3 scorpions
  4 killer bees (D:6)
  2 wights (D:7)
  A bullfrog zombie (D:6)
  A crimson imp (D:6)
  2 orc priests
  A bullfrog skeleton (D:5)
  Crazy Yiuf (D:6)
  5 orc wizards
  Jessica (D:3)
  Ijyb (D:5)
  5 worker ants
  A hound zombie (D:6)
  12 adders
  A howler monkey skeleton (D:5)
  2 shadow imps
  An ooze (D:5)
  2 worms
  4 dart slugs (D:1)
  4 leopard geckos
  14 orcs
  5 giant cockroaches
  6 goblins
  5 hobgoblins
  2 jackals (D:1)
  3 quokkas
  3 ball pythons
  6 bats
  4 frilled lizards
  A giant cockroach zombie (D:6)
  A jackal skeleton (D:4)
  9 kobolds
  9 rats
131 creatures vanquished.

Notes
Turn   | Place    | Note
-------+----------+-------------------------------------------
     0 | D:1      | Hebeh the Minotaur Fighter began the quest for the Orb.
     0 | D:1      | Reached XP level 1. HP: 19/19 MP: 0/0
   111 | D:1      | Reached XP level 2. HP: 27/27 MP: 1/1
   321 | D:1      | Reached skill level 3 in Axes
   638 | D:1      | Reached XP level 3. HP: 32/33 MP: 2/2
  1012 | D:2      | Reached XP level 4. HP: 40/40 MP: 3/3
  1271 | D:3      | Reached skill level 4 in Axes
  1389 | D:3      | Noticed Jessica
  1405 | D:3      | Killed Jessica
  1571 | D:3      | Noticed Grinder
  1574 | D:3      | Reached XP level 5. HP: 47/47 MP: 4/4
  1586 | D:3      | Killed Grinder
  1586 | D:3      | Reached skill level 5 in Fighting
  1586 | D:3      | Reached skill level 5 in Axes
  1586 | D:3      | Reached skill level 5 in Armour
  1586 | D:3      | Reached XP level 6. HP: 41/56 MP: 2/5
  1700 | D:3      | Reached skill level 5 in Shields
  2130 | D:4      | Found an ornate altar of the Wu Jian Council.
  2469 | D:5      | Entered Level 5 of the Dungeon
  2567 | D:5      | Reached skill level 6 in Axes
  2573 | D:5      | Reached XP level 7. HP: 45/61 MP: 6/6
  2868 | D:5      | Found a hide-covered altar of Uskayaw.
  3004 | D:5      | Found a glowing silver altar of Zin.
  3004 | D:5      | Found a basalt altar of Yredelemnul.
  3009 | D:5      | Found a sparkling altar of Nemelex Xobeh.
  3034 | D:5      | Found Gets's Antique Weapon Emporium.
  3060 | D:5      | Noticed Ijyb
  3067 | D:5      | Killed Ijyb
  3132 | D:6      | Found a glowing golden altar of the Shining One.
  3135 | D:6      | Reached skill level 7 in Axes
  3171 | D:6      | Reached XP level 8. HP: 39/70 MP: 3/7
  3661 | D:6      | Reached skill level 8 in Axes
  3813 | D:6      | Found a staircase to the Ecumenical Temple.
  3819 | Temple   | Entered the Ecumenical Temple
  3926 | Temple   | Became a worshipper of Trog the Wrathful
  4053 | D:6      | Found a runed door.
  4268 | D:6      | Found a deep blue altar of Sif Muna.
  4381 | D:6      | Noticed Crazy Yiuf
  4384 | D:6      | Killed Crazy Yiuf
  4526 | D:7      | Found a sacrificial altar of Ru.
  4580 | D:7      | Found a white marble altar of Elyvilon.
  4628 | D:7      | Reached skill level 9 in Axes
  4640 | D:7      | Reached XP level 9. HP: 19/79 MP: 2/8
  4648 | D:7      | HP: 3/79 [wight/morningstar of freezing (1)]
  4650 | D:7      | HP: 1/79 [wight/morningstar of freezing (1)]
  4652 | D:7      | Mangled by a wight

Vault maps used:
D:1:      dpeg_arrival_boxes_within_box
D:2:      first_ration
D:3:      lightli_corner_chamber, uniq_jessica, uniq_grinder
D:4:      lemuel_crystal_altar, minmay_distorted
D:5:      eat_drink_and_be_merry_uskayaw, grunt_temple_overflow_open,
          serial_shops, shop, uniq_ijyb
D:6:      tgw_sif, nicolae_overflow_crystal_walls, temple_green,
          hangedman_decor_riveting, uniq_crazy_yiuf_cottage
D:7:      nicolae_ru_great_annihilating_truth, nicolae_dithmenos_the_darkroom,
          lemuel_doored_altar
Temple:   minmay_temple_curvy_loop

Skill      XL: |  1  2  3  4  5  6  7  8 |
---------------+-------------------------+-----
Axes           | 3 4 5 6 7 9 |  9.2
Fighting       | 4 5 6 7 |  7.3
Armour         | 4 5 6 7 |  7.3
Shields        | 4 5 6 7 |  7.2

Action                   |  1- 3 |  4- 6 |  7- 9 || total
-------------------------+-------+-------+-------++-------
Melee: War axe           |    73 |   117 |   198 ||   388
       Headbutt          |     9 |    21 |    36 ||    66
  Use: Scroll            |     1 |     4 |     4 ||     9
 Stab: Paralysed         |       |       |     1 ||     1
  Eat: Chunk             |       |     5 |     8 ||    13
       Ration            |       |       |     1 ||     1
Armor: Scale mail        |    35 |    37 |       ||    72
       Ring mail         |       |    12 |    73 ||    85
Dodge: Dodged            |    26 |    17 |    67 ||   110
Block: Shield            |    38 |    41 |   108 ||   187

Table legend:
 A = Spawn XP
 B = Non-spawn XP
 C = Spawn XP percentage of total XP
 D = Spawn monster count
 E = Non-spawn monster count
 F = Spawn count percentage of total count
 G = Total turns spent on level
                    A         B        C        D         E        F      G
               +---------+---------+-------+---------+---------+-------+---------
         Total |       0 |    2842 |   0.0 |       0 |     131 |   0.0 |  4652
               +---------+---------+-------+---------+---------+-------+---------
           D:1 |       0 |      44 |   0.0 |       0 |      23 |   0.0 |   755
           D:2 |       0 |      59 |   0.0 |       0 |      17 |   0.0 |   454
           D:3 |       0 |     382 |   0.0 |       0 |      20 |   0.0 |   727
           D:4 |       0 |     207 |   0.0 |       0 |      17 |   0.0 |   533
           D:5 |       0 |     511 |   0.0 |       0 |      17 |   0.0 |   662
           D:6 |       0 |     851 |   0.0 |       0 |      21 |   0.0 |  1133
           D:7 |       0 |     788 |   0.0 |       0 |      16 |   0.0 |   208
               +---------+---------+-------+---------+---------+-------+---------
